 Dungeon Crawl Stone Soup version 0.29.1-15-g9cfb28693d (webtiles) character file.

Game seed: 39729134757254452

47 KreenWarrior the Magician (level 3, 0/24 HPs)
             Began as a Demonspawn Hedge Wizard on Mar 10, 2023.
             Slain by a quokka (2 damage)
             ... on level 2 of the Dungeon on Mar 11, 2023.
             The game lasted 00:14:43 (3021 turns).

KreenWarrior the Magician (Demonspawn Hedge Wizard) Turns: 3021, Time: 00:14:44

Health: 0/24       AC:  2    Str: 10    XL:     3   Next: 48%
Magic:  0/8        EV: 12    Int: 17    God:
Gold:   75         SH:  0    Dex: 12    Spells: 3/9 levels left

rFire   + . .      SeeInvis .   p - staff of air
rCold   . . .      Faith    .   (no shield)
rNeg    . . .      Spirit   .   b - +0 robe
rPois   .          Reflect  .   c - +0 hat
rElec   +          Harm     .   (no cloak)
rCorr   .          Rampage  .   (no gloves)
Will    .....                   (no boots)
Stlth   ++........              (no amulet)
HPRegen 0.08/turn               l - ring of protection from fire
MPRegen 0.11/turn               (no ring)

@: very slightly contaminated
A: powered by pain 1
a: no special abilities


You were on level 2 of the Dungeon.
You visited 1 branch of the dungeon, and saw 3 of its levels.

You collected 75 gold pieces.

Inventory:

Hand Weapons
 a - a +0 dagger
 g - a +0 sling
Armour
 b - a +0 robe (worn)
 c - a +0 hat (worn)
 r - a +0 helmet
Magical Staves
 p - a staff of air (weapon)
Jewellery
 l - a ring of protection from fire (left hand)
Wands
 f - a wand of polymorph (5)
Scrolls
 e - a scroll of identify
 i - a scroll of immolation
 k - a scroll of vulnerability {unknown}
 m - a scroll of butterflies {unknown}
 o - a scroll of magic mapping {unknown}
Potions
 d - a potion of magic
 j - a potion of cancellation
 n - a potion of heal wounds {unknown}
 q - a potion of brilliance {unknown}


   Skills:
 * Level 0.4 Staves
 + Level 2.0 Dodging
 + Level 2.0 Stealth
 * Level 3.8 Spellcasting
 + Level 1.2 Conjurations
 + Level 1.0 Summonings
 + Level 0.8 Translocations
 * Level 0.2 Evocations


You had 3 spell levels left.
You knew the following spells:

 Your Spells              Type           Power      Damage    Failure   Level
a - Magic Dart            Conj           28%        1d4       10%         1
b - Mephitic Cloud        Conj/Pois/Air  7%         N/A       38%         3
c - Blink                 Tloc           12%        N/A       17%         2

Your spell library contained the following spells:

 Spells                   Type           Power      Damage    Failure   Level
 Foxfire                  Conj/Fire      20%        2x1d5     12%         1
 Slow                     Hex            12%        N/A       16%         1
 Call Imp                 Summ           6%         N/A       16%         2
 Conjure Flame            Conj/Fire      5%         6-21      36%         3
 Portal Projectile        Hex/Tloc       8%         N/A       38%         3
 Inner Flame              Hex/Fire       3%         N/A       43%         3
 Tukima's Dance           Hex            3%         N/A       43%         3
 Flame Wave               Conj/Fire      5%         2d5       77%         4
 Blade Hands              Tmut           1%         N/A       99%         5


Dungeon Overview and Level Annotations

Branches:
Dungeon (3/15)

Altars:


Innate Abilities, Weirdness & Mutations

You sometimes gain a little power by taking damage.


Message History

Your magical contamination has completely faded away.
Casting: Magic Dart (safe; 10% risk of failure)
Confirm with . or Enter, or press ? or * to list all spells.
Aiming: Magic Dart (safe; 10% risk of failure)
Press: ? - help, Shift-Dir - straight line, f/p - worm
Aim: a worm (heavily wounded, 100% to hit)
The magic dart hits the worm.
The worm is heavily wounded.
You hit the worm but do no damage.
The worm is heavily wounded.
The worm barely misses you. The quokka bites you. The worm closely misses you.
You climb upwards.
There is a stone staircase leading down here.
The quokka closely misses you. The quokka bites you.
The quokka attacks as you move away! The quokka bites you.
The quokka attacks as you move away! The quokka closely misses you.
The quokka attacks as you move away! The quokka bites you.
* * * LOW HITPOINT WARNING * * *
The quokka bites you but does no damage.
Casting: Magic Dart (safe; 10% risk of failure)
Confirm with . or Enter, or press ? or * to list all spells.
Aiming: Magic Dart (safe; 10% risk of failure)
Press: ? - help, Shift-Dir - straight line, f - quokka
Aim: a quokka (100% to hit)
You miscast Magic Dart.
You are very lightly contaminated with residual magic.
Nothing appears to happen.
The quokka bites you.
* * * LOW HITPOINT WARNING * * *
The quokka attacks as you move away! The quokka bites you.
* * * LOW HITPOINT WARNING * * *
Casting: Magic Dart (safe; 10% risk of failure)
Confirm with . or Enter, or press ? or * to list all spells.
Aiming: Magic Dart (safe; 10% risk of failure)
Press: ? - help, Shift-Dir - straight line, f/p - quokka
Aim: a quokka (100% to hit)
The magic dart hits the quokka but does no damage.
The quokka misses you. The quokka bites you.
You die...

#.......≈..)...≈...#
######...##)##~≈##.#
#...####~≈###.#
##### ##.##≈##≈.#
#.# ##...##
#.##≈##.####.#
##.....##
#...≈≈.#~≈≈..#
##.......##
#.###≈..≈#.###
#>?.......####.#
#≈≈.≈#.#
#.......w..r@.<#
##≈≈.#.#
#.........######
#.~##.# ##.......##
#..##.# ##.[...##
#.###.# ##...## #.#
#.# ##.## #.# #.#
#.# #.# #.# #.# #.#
#.# #.# #.# #.#####


You could see a worm and a quokka.

Vanquished Creatures
  Robin (D:2)
  2 bats
  5 endoplasms
  12 goblins (D:2)
  3 hobgoblins
  2 kobolds (D:2)
  A quokka (D:2)
  3 frilled lizards
  3 rats
32 creatures vanquished.

Notes
Turn   | Place    | Note
-------+----------+-------------------------------------------
     0 | D:1      | KreenWarrior the Demonspawn Hedge Wizard began the quest
                  | for the Orb.
     0 | D:1      | Reached XP level 1. HP: 13/13 MP: 4/4
   782 | D:2      | Found a faded altar of an unknown god.
   785 | D:2      | Gained mutation: You sometimes gain a little power by
                  | taking damage. [demonic ancestry]
   785 | D:2      | Reached XP level 2. HP: 19/19 MP: 3/6
  1169 | D:2      | Noticed Robin
  1883 | D:2      | Reached XP level 3. HP: 24/24 MP: 5/8
  2148 | D:2      | Killed Robin
  2699 | D:3      | HP: 1/24 [worm (7)]
  2992 | D:2      | Learned a level 3 spell: Mephitic Cloud
  2995 | D:2      | Learned a level 2 spell: Blink
  3021 | D:2      | Slain by a quokka

Illustrated notes

Levels and vault maps discovered:
D:1:      dpeg_arrival_connections, layout_rooms
D:2:      layout_loops_ring, ebering_ecumenical_altar_hall, kennysheep_donut,
          chequers_serial_rivers_small_b, minmay_goblin_outpost, uniq_robin
D:3:      layout_rooms, gup_sewer_entry_bowl, skrybe_limestone_x,
          minmay_rat_hole

Skill      XL: |  1  2 |
---------------+-------+-----
Stealth        | 2 |  2.0
Dodging        | 2 |  2.0
Staves         | |  0.4
Spellcasting   | |  3.8
Conjurations   | |  1.2
Summonings     | |  1.0
Translocations | |  0.8
Evocations     | |  0.2

Action                   || total
-------------------------++-------
Melee: Dagger            ||     4
       Staff             ||    17
       Unarmed           ||    18
 Cast: Magic Dart        ||    88
  Use: Scroll            ||     4
 Stab: Sleeping          ||     1
Armor: Robe              ||     2
Dodge: Dodged            ||    36
